 Dungeon Crawl Stone Soup version 0.24.0-123-gd5b16e6ec5 (webtiles) character file.

Game seed: 9609120999309628251, levelgen mode: deterministic

84 PentaManta the Ducker (level 4, -5/23 HPs)
             Began as a Spriggan Monk on Dec 30, 2019.
             Killed by nerve-wracking pain
             ... invoked by an orc priest
              (8 damage)
             ... on level 2 of the Dungeon.
             The game lasted 00:05:19 (3289 turns).

PentaManta the Ducker (Spriggan Monk)               Turns: 3289, Time: 00:05:19

Health: -5/23      AC:  2    Str:  7    XL:     4   Next: 24%
Magic:  5/5        EV: 22    Int: 11    God:
Gold:   163        SH:  0    Dex: 19    Spells: 3/3 levels left

rFire    . . .     SeeInvis +   e - +1 dagger
rCold    . . .     Gourm    .   (shield restricted)
rNeg     . . .     Faith    .   b - +0 robe
rPois    .         Spirit   .   (helmet restricted)
rElec    .         Reflect  .   (no cloak)
rCorr    .         Harm     .   (gloves unavailable)
MR       .....                  (boots unavailable)
Stlth    +++.......             (no amulet)
HPRegen  0.07/turn              (no ring)
MPRegen  0.09/turn              (no ring)

@: very quick
A: very small, unfitting armour, see invisible, herbivore, speed 3, slow
metabolism 2
a: no special abilities


You were on level 2 of the Dungeon.
You were hungry.

You visited 1 branch of the dungeon, and saw 3 of its levels.

You collected 163 gold pieces.

Inventory:

Hand Weapons
 a - a +0 falchion
 e - a +1 dagger (weapon)
Missiles
 h - 3 boomerangs (quivered)
Armour
 b - a +0 robe (worn)
Scrolls
 f - a scroll of teleportation
 g - a scroll of remove curse
Potions
 i - a potion of haste
 l - a potion of magic {unknown}
 m - a potion of flight {unknown}
 n - a potion of curing {unknown}
Comestibles
 c - 4 rations


   Skills:
 - Level 2.4 Fighting
 + Level 2.9 Long Blades
 * Level 6.2 Dodging
 + Level 4.2 Stealth


You had 3 spell levels left.
You didn't know any spells.
Your spell library was empty.

Dungeon Overview and Level Annotations

Branches:
Dungeon (3/15)

Altars:
Trog

Annotations:
D:2 1 runed translucent door, Crazy Yiuf


Innate Abilities, Weirdness & Mutations

You are very small and have problems with some larger weapons.
You are too small for most types of armour.
You have supernaturally acute eyesight. (SInv)
You are a herbivore.
You cover ground extremely quickly.
You need to consume almost no food.


Message History

The orc priest is moderately wounded.
The orc priest completely misses you.
You feel much better. The orc priest completely misses you.
You hit the orc priest.
The orc priest is moderately wounded.
The orc priest calls down the wrath of Beogh upon you.
Pain shoots through your body!
Ouch! That really hurt!
You hit the orc priest but do no damage.
The orc priest is moderately wounded.
You hit the orc priest.
The orc priest is heavily wounded.
The orc priest hits you with a +0 club.
* * * LOW HITPOINT WARNING * * *
You hit the orc priest but do no damage.
The orc priest is heavily wounded.
The orc priest looks encouraged for a moment.
The orc priest mumbles some strange prayers to Beogh against you.
Pain shoots through your body!
You die...

#.........#.##.##### #.#
#..................# #.#
#..........###.###.# #.#
#####...###.###.# #.# #.#
###...........##o.# #.# #.#
......#...######.## #.# #.#
..#.#.##.## #.# #.# #.#
.........# #.# #.# #.#
..#.#.######## #@# #.# #.#
.............# #.# #.###.#
##.#########.###.####..##.#
#.# #..............# #.#
#####....##.#### #.#
####.##.# #.# #.##.#
#.######### ##.##.#
#.........# ##...#.#


You could see an orc priest.

Vanquished Creatures
  An adder (D:2)
  An ooze (D:1)
  5 worms (D:2)
  2 dart slugs (D:2)
  3 leopard geckos
  An orc (D:2)
  5 bats
  2 giant cockroaches (D:1)
  3 goblins
  6 hobgoblins
  7 jackals
  A quokka (D:2)
  A ball python (D:2)
  4 frilled lizards
  A kobold (D:2)
  4 rats
47 creatures vanquished.

Notes
Turn   | Place    | Note
-------+----------+-------------------------------------------
     0 | D:1      | PentaManta the Spriggan Monk began the quest for the Orb.
     0 | D:1      | Reached XP level 1. HP: 11/11 MP: 2/2
    41 | D:1      | Reached XP level 2. HP: 7/16 MP: 3/3
   418 | D:1      | Reached skill level 5 in Dodging
  1175 | D:1      | Reached XP level 3. HP: 10/19 MP: 4/4
  2121 | D:2      | Found a runed translucent door.
  2122 | D:2      | Noticed Crazy Yiuf
  2385 | D:2      | Found a bloodstained altar of Trog.
  2435 | D:2      | Reached skill level 6 in Dodging
  2514 | D:2      | Reached XP level 4. HP: 18/23 MP: 5/5
  3289 | D:2      | Killed from afar by an orc priest

Levels and vault maps discovered:
D:1:      dpeg_arrival_rooms_c, layout_basic
D:2:      layout_loops_ring, trog_three_pillars_becter, uniq_crazy_yiuf_cottage
D:3:      corexii_shack_village, layout_rooms

Skill      XL: |  1  2  3 |
---------------+----------+-----
Dodging        | 5 6 |  6.2
Stealth        | 4 |  4.2
Fighting       | |  2.4
Long Blades    | |  2.9

Action                   |  1- 3 |  4- 6 || total
-------------------------+-------+-------++-------
Melee: Falchion          |    11 |       ||    11
       Dagger            |   233 |    60 ||   293
Throw: Boomerang         |     2 |       ||     2
  Use: Scroll            |     4 |     2 ||     6
       Potion            |       |     2 ||     2
 Stab: Sleeping          |    11 |     1 ||    12
Armor: Robe              |    14 |     1 ||    15
Dodge: Dodged            |   183 |    38 ||   221
       Rpst.: Falchion   |     4 |       ||     4
